 Dungeon Crawl Stone Soup version 0.28-a0-984-g3775c662fe (webtiles) character file.

Game seed: 6583872242772396333

4 enile the Skirmisher (level 1, 0/15 HPs)
             Began as a Gargoyle Monk on Dec 3, 2021.
             Frozen to death by an endoplasm (1 damage)
             ... on level 1 of the Dungeon.
             The game lasted 00:00:25 (450 turns).

enile the Skirmisher (Gargoyle Monk)                 Turns: 450, Time: 00:00:27

Health: 0/15       AC:  4    Str: 14    XL:     1   Next: 70%
Magic:  1/1        EV: 12    Int: 10    God:
Gold:   54         SH:  0    Dex: 12    Spells: 0/0 levels left

rFire   . . .      SeeInvis .   a - +0 mace
rCold   . . .      Faith    .   (no shield)
rNeg    + . .      Spirit   .   b - +0 robe
rPois   ∞          Reflect  .   (no helmet)
rElec   +          Harm     .   (no cloak)
rCorr   .          Rampage  .   (no gloves)
Will    .....                   (no boots)
Stlth   ++........              (no amulet)
HPRegen 0.05/turn               (no ring)
MPRegen 0.07/turn               (no ring)

@: no status effects
A: sickness immunity, AC +2, negative energy resistance 1, electricity
resistance, torment resistance 1, petrification resistance
a: no special abilities


You were on level 1 of the Dungeon.
You visited 1 branch of the dungeon, and saw 1 of its levels.

You collected 54 gold pieces.

Inventory:

Hand Weapons
 a - a +0 mace (weapon)
Armour
 b - a +0 robe (worn)
Scrolls
 c - 2 scrolls of noise {unknown}
Potions
 d - a potion of heal wounds {unknown}


   Skills:
 + Level 3.7 Fighting
 - Level 3.0 Maces & Flails
 - Level 2.4 Dodging
 - Level 2.1 Stealth


You couldn't memorise any spells.
You didn't know any spells.
Your spell library contained the following spells:

 Spells                   Type           Power      Damage    Failure   Level
 Ensorcelled Hibernation  Hex/Ice        0%         N/A       50%         2
 Spider Form              Tmut/Pois      0%         N/A       75%         3


Dungeon Overview and Level Annotations

Branches:
Dungeon (1/15)

Altars:


Innate Abilities, Weirdness & Mutations

You are immune to sickness and miasma.
Your stone body is resilient. (AC +2)
You are immune to poison.
You resist negative energy. (rN+)
You are resistant to electric shocks. (rElec)
You are resistant to unholy torment.
You are immune to petrification.


Message History

The bat closely misses you.
You hit the endoplasm.
The endoplasm is moderately wounded.
The bat misses you. The endoplasm freezes you.
You are frozen.
You hit the endoplasm but do no damage.
The endoplasm is moderately wounded.
The bat closely misses you. The endoplasm freezes you.
You are frozen.
The endoplasm closely misses you.
You hit the bat.
The bat is severely wounded.
The bat hits you but does no damage. The endoplasm completely misses you.
There are monsters nearby!
There are monsters nearby!
There are monsters nearby!
You barely miss the endoplasm.
The endoplasm is moderately wounded.
The bat hits you but does no damage. The bat closely misses you. x2
The endoplasm freezes you.
You are frozen.
You are too injured to fight recklessly!
You are too injured to fight recklessly!
You are too injured to fight recklessly!
You are too injured to fight recklessly!
You are too injured to fight recklessly!
You are too injured to fight recklessly!
You are too injured to fight recklessly!
You are too injured to fight recklessly!
There are monsters nearby!
The bat hits you but does no damage.
You hit the endoplasm.
The endoplasm is heavily wounded.
The endoplasm freezes you.
You are frozen.
* * * LOW HITPOINT WARNING * * *
The endoplasm freezes you.
You are frozen.
You die...

.. .# #. ## ####.# ..
#. ..##.# .. #.
#.##.# .# #. #.##.# #
# #. #.##.# .####
#.####.##.##(###.....
#......@Jb........##
######.##......)...#
#.# #. #####.###..?
... #. #.# #.# .. #.#
## #.# #.# ##
#.#########.
#...........


You could see an endoplasm and a bat.

Vanquished Creatures
  2 endoplasms (D:1)
  A quokka (D:1)
  A rat (D:1)
4 creatures vanquished.

Notes
Turn   | Place    | Note
-------+----------+-------------------------------------------
     0 | D:1      | enile the Gargoyle Monk began the quest for the Orb.
     0 | D:1      | Reached XP level 1. HP: 14/14 MP: 1/1
   450 | D:1      | Frozen to death by an endoplasm

Illustrated notes

Levels and vault maps discovered:
D:1:      amcnicky_arrival_choice, layout_loops_ring,
          ebering_ecumenical_altar_petrified

Action                   || total
-------------------------++-------
Melee: Mace              ||    19
 Stab: Sleeping          ||     2
Armor: Robe              ||    10
Dodge: Dodged            ||    16

Table legend: (Time is in decaauts)
 A = Elapsed time spent in this place.
 B = Non-inter-level travel time spent in this place.
 C = Inter-level travel time spent in this place.
 D = Time resting spent in this place.
 E = Time spent auto-exploring this place.
 F = Levels seen in this place.
 G = Mean time per level.
                   A        B        C        D        E       F      G
               +--------+--------+--------+--------+--------+-----+--------+
         Total |    454 |    454 |      0 |      0 |    397 |   1 |  454.0 |
       Dungeon |    454 |    454 |      0 |      0 |    397 |   1 |  454.0 |
               +--------+--------+--------+--------+--------+-----+--------+

Top non-repeatable levels by time:
     D:1: 454 daAuts
